AoeStats
← Mr.mayfield

MegaRandom

506222499Analyzed
1v1 RM · 19d ago on Sep 12, 2026· 21m 22s· 2 players
Game mode
Random Map
Map size
Tiny (2 player)
Population
200
Speed
Normal
Resources
Standard
Victory
Conquest
Starting age
Dark Age
Ending age
Imperial Age
RankedLock teamsTeams togetherTeam positionsShared explorationLock speedFull tech treeHidden civsTurbo modeCheats
Victory
Defeat
🇨🇴 Franks · Colombia
809
+19
🇺🇸 Khitans · United States
865
-19
Mr.mayfield
5:49 Loom
11:31 Feudal Age
12:10 Double-Bit Axe
11:56 Man-at-Arms
13:18 Wheelbarrow
13:12 Scale Barding Armor
13:58 Forging
14:59 Arson
23:18 Castle Age
Ryukmnk
9:05 Loom
11:12 Feudal Age
13:04 Forging
19:19 Castle Age
Connection lost

Rejoining the realm…

Still unreachable

The connection could not be restored.

Session expired

The server has moved on; the page needs a fresh start.